 Dungeon Crawl Stone Soup version 0.30-b1-2-g02819fbbbe (webtiles) character file.

Game seed: 12905799769470009799

169 raph the Firebug (level 5, -6/38 HPs)
             Began as a Hill Orc Fire Elementalist on Dec 10, 2023.
             Was an Initiate of Beogh.
             Mangled by Eustachio
             ... wielding a +2 falchion of electrocution
              (18 damage)
             ... on level 3 of the Dungeon.
             The game lasted 00:04:44 (4918 turns).

raph the Firebug (Hill Orc Fire Elementalist)       Turns: 4918, Time: 00:04:45

Health: -6/38      AC:  3    Str: 11    XL:     5   Next: 50%
Magic:  6/8        EV: 12    Int: 17    God:    Beogh [......]
Gold:   147        SH:  0    Dex: 11    Spells: 2/8 levels left

rFire   . . .        o - +0 hand axe
rCold   . . .        (no shield)
rNeg    . . .        a - +0 robe
rPois   .            k - +0 helmet
rElec   .            (no cloak)
rCorr   .            (no gloves)
SInv    .            (no boots)
Will    .....        (no amulet)
Stlth   ++           (no ring)
HPRegen 0.26/turn    (no ring)
MPRegen 0.11/turn

%: no passive effects
@: no status effects
A: no striking features
a: Renounce Religion


You were on level 3 of the Dungeon.
You worshipped Beogh.
Beogh was noncommittal.
You visited 1 branch of the dungeon, and saw 4 of its levels.

You collected 147 gold pieces.

Inventory:

Hand Weapons
 c - a +0 dagger
 l - a +1 dagger of holy wrath
 o - a +0 hand axe (weapon)
Missiles
 h - 5 poisoned darts
Armour
 a - a +0 robe (worn)
 k - a +0 helmet (worn)
Scrolls
 d - 2 scrolls of identify {unknown}
 e - 3 scrolls of teleportation {unknown}
 i - a scroll of blinking {unknown}
 p - a scroll of magic mapping {unknown}
 q - a scroll of fear {unknown}
Potions
 b - a potion of magic
 f - a potion of flight {unknown}
 g - a potion of curing {unknown}
 j - a potion of heal wounds {unknown}
 m - a potion of lignification {unknown}
 n - a potion of haste {unknown}


   Skills:
 + Level 2.1 Dodging
 + Level 2.3 Stealth
 + Level 2.1 Spellcasting
 + Level 2.7 Conjurations
 + Level 0.2 Translocations
 * Level 4.4 Fire Magic


You had 2 spell levels left.
You knew the following spells:

 Your Spells              Type           Power      Damage    Failure   Level
a - Foxfire               Conj/Fire      56%        2x1d6     4%          1
b - Scorch                Fire           32%        2d6       4%          2
c - Volatile Blastmotes   Fire/Tloc      18%        2d11      22%         3

Your spell library contained the following spells:

 Spells                   Type           Power      Damage    Failure   Level
 Inner Flame              Hex/Fire       9%         N/A       22%         3
 Hailstorm                Conj/Ice       6%         3d4       32%         3
 Flame Wave               Conj/Fire      14%        2d6       41%         4
 Summon Guardian Golem    Hex/Summ       1%         N/A       50%         3
 Ice Form                 Ice/Tmut       1%         N/A       88%         4
 Simulacrum               Ice/Necr       0%         N/A       100%        6
 Orb of Destruction       Conj           5%         9d5       100%        7
 Spellforged Servitor     Conj/Summ      3%         N/A       100%        7


Dungeon Overview and Level Annotations

Branches:
Dungeon (4/15)
 Temple: D:4-7

Altars:

Annotations:
D:3 Eustachio


Message History

Confirm with . or Enter, or press ? or * to list all spells.
You conjure some foxfire!
Eustachio the Magnificent comes into view.
He is wielding a +2 falchion of electrocution.
The foxfire hits Eustachio.
Eustachio is lightly wounded.
Casting: Foxfire (safe; 4% risk of failure)
Confirm with . or Enter, or press ? or * to list all spells.
You conjure some foxfire!
The foxfire hits the dart slug.
The dart slug is heavily wounded.
The foxfire hits the dart slug.
You kill the dart slug!
Beogh accepts your kill.
Eustachio gestures wildly while chanting.
The foxfire hits Eustachio.
Eustachio is lightly wounded.
The foxfire hits Eustachio.
Eustachio is lightly wounded.
You climb upwards.
There is a stone staircase leading down here.
You start resting.
Magic restored.
You start waiting.
Done waiting.
You start waiting.
Done waiting.
You climb downwards.
Level annotation: Eustachio Eustachio hits you with a +2 falchion of electrocution!
There is a stone staircase leading up, spattered with blood here.
Eustachio hits you with a +2 falchion of electrocution.
You climb upwards.
There is a stone staircase leading down here.
Casting: Foxfire (safe; 4% risk of failure)
Confirm with . or Enter, or press ? or * to list all spells.
Flames lash Eustachio.
Eustachio is moderately wounded.
Eustachio's fire resistance burns away.
Eustachio hits you with a +2 falchion of electrocution!
You are electrocuted!!
You die...

#.# #.# ########## #.# .........#
#.#
>#######.########.##############
.# #......##...............# .#
#####.####.#.....##########.# .#
#......###.##@..## #.# o#
#.###........@...# #.#
.###.###.####.###..## ####.##
.......#.####.# #.## #...#..
..............###'## #..###.
.###.#.#########...## #.## ## .#
#.#.## ##.....## #..###.
.###.#.(## ##.......## ##.#.#.#
.........####.......†.####.......
............+.......).'........##


You could see Eustachio (combustible).

Vanquished Creatures
  Robin (D:2)
  8 adders
  A worm (D:2)
  6 dart slugs
  An orc (D:3)
  6 endoplasms
  3 giant cockroaches
  9 goblins
  9 hobgoblins
  4 kobolds
  5 quokkas
  4 ball pythons
  6 bats
  A frilled lizard (D:1)
  6 rats
70 creatures vanquished.

Vanquished Creatures (others)
  174 foxfires
174 creatures vanquished.

Grand Total: 244 creatures vanquished

Notes
Turn   | Place    | Note
-------+----------+-------------------------------------------
     0 | D:1      | raph the Hill Orc Fire Elementalist began the quest for the
                  | Orb.
     0 | D:1      | Reached XP level 1. HP: 14/14 MP: 3/3
   400 | D:1      | Reached XP level 2. HP: 11/20 MP: 0/4
   495 | D:1      | Learned a level 2 spell: Scorch
  1246 | D:1      | Reached XP level 3. HP: 26/26 MP: 2/5
  2769 | D:3      | Noticed Robin
  2776 | D:3      | Reached XP level 4. HP: 32/33 MP: 3/6
  2784 | D:3      | Reached skill level 4 in Fire Magic
  2955 | D:2      | Killed Robin
  3304 | D:3      | Reached XP level 5. HP: 38/38 MP: 1/8
  3364 | D:3      | Learned a level 3 spell: Volatile Blastmotes
  4286 | D:3      | Became a worshipper of Beogh the Brigand
  4663 | D:4      | Noticed Eustachio
  4918 | D:3      | Mangled by Eustachio

Illustrated notes

Levels and vault maps discovered:
D:1:      spicycebolla_arrival_transporter_tutorial, layout_basic
D:2:      layout_loops_ring, serial_glass, glass_columns_a, glass_columns_c,
          glass_columns_a, glass_columns_c, glass_columns_b, glass_columns_a
D:3:      layout_loops_corners, st_stairs_10, amcnicky_mini_pool_small,
          uniq_robin
D:4:      layout_basic, nemelex_xobeh_ov_fountains_minmay, vehumet_crystals,
          ebering_dispersal_statue_hall, uniq_eustachio

Skill      XL: |  1  2  3  4 |
---------------+-------------+-----
Conjurations   | 2 |  2.7
Stealth        | 2 |  2.3
Fire Magic     | 4 |  4.4
Dodging        | 2 |  2.1
Spellcasting   | 2 |  2.1
Translocations | |  0.2

Action                     |  1- 3 |  4- 6 || total
---------------------------+-------+-------++-------
  Melee: Dagger            |    26 |     7 ||    33
   Cast: Foxfire           |    57 |    50 ||   107
         Scorch            |    15 |    18 ||    33
 Invoke: Convert to Beogh  |       |     1 ||     1
 Armour: Robe              |     7 |     7 ||    14
  Dodge: Dodged            |    18 |    30 ||    48
